 Dungeon Crawl Stone Soup version 0.26.0-16-gc1dbca0489 (webtiles) character file.

Game seed: 4656526884444914295

9 thiole the Magician (level 2, -1/17 HPs)
             Began as an Octopode Hedge Wizard on Jan 22, 2021.
             Killed from afar by a dart slug (5 damage)
             ... with a slug dart
             ... on level 1 of the Dungeon.
             The game lasted 00:00:29 (699 turns).

thiole the Magician (Octopode Hedge Wizard)          Turns: 699, Time: 00:00:29

Health: -1/17      AC:  1    Str:  9    XL:     2   Next: 16%
Magic:  0/6        EV: 13    Int: 16    God:
Gold:   44         SH:  0    Dex: 11    Spells: 6/7 levels left

rFire    . . .     SeeInvis .   a - +0 dagger
rCold    . . .     Faith    .   (no shield)
rNeg     . . .     Spirit   .   b - +0 hat
rPois    .         Reflect  .   (no amulet)
rElec    .         Harm     .   (no ring)
rCorr    .         Rampage  .   (no ring)
Will     .....                  (no ring)
Stlth    +++.......             (no ring)
HPRegen  0.05/turn              (no ring)
MPRegen  0.10/turn              (no ring)
                                (no ring)
                                (no ring)

@: very slightly contaminated
A: almost no armour, stealthy swim, amphibious, 8 rings, constrict 8, camouflage
1, gelatinous body 1
a: no special abilities


You were on level 1 of the Dungeon.
You visited 1 branch of the dungeon, and saw 1 of its levels.

You collected 44 gold pieces.

Inventory:

Hand Weapons
 a - a +0 dagger (weapon)
Armour
 b - a +0 hat (worn)
Potions
 c - a potion of lignification {unknown}
 d - a potion of mutation {unknown}
 e - a potion of brilliance {unknown}
 f - a potion of curing {unknown}


   Skills:
 - Level 2.0 Dodging
 + Level 3.0 Stealth
 + Level 3.1 Spellcasting
 * Level 1.4 Conjurations
 * Level 1.4 Summonings
 - Level 1.0 Translocations


You had 6 spell levels left.
You knew the following spells:

 Your Spells              Type           Power        Failure   Level
a - Magic Dart            Conj           28%          11%         1

Your spell library contained the following spells:

 Spells                   Type           Power        Failure   Level
 Call Imp                 Summ           6%           16%         2
 Blink                    Tloc           N/A          19%         2
 Slow                     Hex            2%           28%         2
 Conjure Flame            Conj/Fire      4%           38%         3
 Mephitic Cloud           Conj/Pois/Air  3%           43%         3


Dungeon Overview and Level Annotations

Branches:
Dungeon (1/15)

Altars:


Innate Abilities, Weirdness & Mutations

You cannot wear most types of armour.
You are very stealthy in the water. (Stealth+)
You are amphibious.
You can wear up to eight rings at the same time.
You can use your tentacles to constrict eight enemies at once.
Your skin changes colour to match your surroundings (Stealth+).
Your rubbery body absorbs attacks. (AC +1, EV +1)


Message History

Confirm with . or Enter, or press ? or * to list all spells.
Aiming: Magic Dart (safe; 11% risk of failure)
Press: ? - help, Shift-Dir - straight line, f/p - dart slug
Aim: a dart slug (severely wounded, 0% to evade)
The magic dart hits the dart slug.
The dart slug is almost dead.
Casting: Magic Dart (safe; 11% risk of failure)
Confirm with . or Enter, or press ? or * to list all spells.
Aiming: Magic Dart (safe; 11% risk of failure)
Press: ? - help, Shift-Dir - straight line, f/p - dart slug
Aim: a dart slug (almost dead, 0% to evade)
The magic dart hits the dart slug.
The dart slug is almost dead.
Casting: Magic Dart (safe; 11% risk of failure)
Confirm with . or Enter, or press ? or * to list all spells.
You don't have enough magic to cast that spell.
Unknown command.
The dart slug launches a dart at you. The slug dart hits you.
You die...

## ## ###
####.####. #..
........#. #.#
#...... #w#
##....#. ##.##
#.##.....#. ...
#........## #.#
######.#### #@#
#.# #.# #.# #.#
##'## #.###
##...## #...#
##.....## ###.##
##.......#
##...####.........
#.......'.........
##....###.........


You could see a dart slug.

Vanquished Creatures
  4 jackals (D:1)
  3 kobolds (D:1)
  A bat (D:1)
  A goblin (D:1)
9 creatures vanquished.

Notes
Turn   | Place    | Note
-------+----------+-------------------------------------------
     0 | D:1      | thiole the Octopode Hedge Wizard began the quest for the
                  | Orb.
     0 | D:1      | Reached XP level 1. HP: 11/11 MP: 4/4
   120 | D:1      | Reached XP level 2. HP: 2/17 MP: 4/6
   699 | D:1      | Killed from afar by a dart slug

Illustrated notes

Levels and vault maps discovered:
D:1:      dpeg_arrival_erosion, layout_loops_corners, item_on_display_a

Skill      XL: |  1  2 |
---------------+-------+-----
Stealth        | 3 |  3.0
Dodging        | |  2.0
Spellcasting   | |  3.1
Conjurations   | |  1.4
Summonings     | |  1.4
Translocations | |  1.0

Action                   || total
-------------------------++-------
Melee: Dagger            ||    15
       Constrict         ||     4
       Tentacles         ||     2
 Cast: Magic Dart        ||    15
Armor: Skin              ||     1
Dodge: Dodged            ||    13
